 Dungeon Crawl Stone Soup version 0.29.0-11-gd7f09526c8 (webtiles) character file.

Game seed: 13786538419949011636

91 Arum the Trooper (level 4, 0/37 HPs)
             Began as a Formicid Fighter on Sept 4, 2022.
             Slain by an adder (2 damage)
             ... on level 2 of the Dungeon.
             The game lasted 00:01:54 (1448 turns).

Arum the Trooper (Formicid Fighter)                 Turns: 1448, Time: 00:01:54

Health: 0/37       AC: 10    Str: 23    XL:     4   Next: 88%
Magic:  4/4        EV:  9    Int:  7    God:
Gold:   40         SH:  5    Dex: 13    Spells: 3/3 levels left

rFire   + . .      SeeInvis +   a - +0 flail
rCold   . . .      Faith    .   c - +0 buckler
rNeg    . . .      Spirit   .   b - +0 scale mail
rPois   .          Reflect  .   (helmet unavailable)
rElec   .          Harm     .   (no cloak)
rCorr   .          Rampage  .   h - +0 pair of gloves
Will    .....                   (no boots)
Stlth   ..........              (no amulet)
HPRegen 0.12/turn               f - ring of protection from fire
MPRegen 0.09/turn               (no ring)

@: no status effects
A: permanent stasis, dig shafts and tunnels, antennae 3, four strong arms,
talons 1, iridescent scales 1
a: Dig, Shaft Self


You were on level 2 of the Dungeon.
You visited 1 branch of the dungeon, and saw 2 of its levels.

You collected 40 gold pieces.

Inventory:

Hand Weapons
 a - a +0 flail (weapon)
Armour
 b - a +0 scale mail (worn)
 c - a +0 buckler (worn)
 h - a +0 pair of gloves (worn)
Jewellery
 f - a ring of protection from fire (left hand)
Scrolls
 e - a scroll of brand weapon {unknown}
 g - a scroll of blinking {unknown}
 j - a scroll of identify {unknown}
Potions
 d - a potion of might
 i - a potion of mutation


   Skills:
 + Level 4.2 Fighting
 + Level 3.1 Maces & Flails
 + Level 4.2 Armour
 - Level 4.0 Shields


You had 3 spell levels left.
You didn't know any spells.
Your spell library contained the following spells:

 Spells                   Type           Power      Damage    Failure   Level
 Portal Projectile        Hex/Tloc       0%         N/A       99%         3
 Tukima's Dance           Hex            0%         N/A       99%         3
 Blade Hands              Tmut           0%         N/A       100%        5


Dungeon Overview and Level Annotations

Branches:
Dungeon (2/15)

Altars:


Innate Abilities, Weirdness & Mutations

You cannot be hasted, slowed, berserked, paralysed or teleported.
You can dig through walls and to a lower floor.
You have a pair of large antennae on your head. (SInv)
Your four strong arms can wield two-handed weapons with a shield.
You have sharp toenails.
You are partially covered in iridescent scales. (AC +2)


Message History

You hit the orc priest.
The orc priest is severely wounded.
The orc priest hits you with a +0 war axe.
You sock the orc priest!
You kill the orc priest!
You block the adder's attack.
Your life force feels restored.
Your Maces & Flails skill increases to level 3!
You miss the adder. The adder bites you but does no damage.
You closely miss the adder. The adder bites you.
* * * LOW HITPOINT WARNING * * *
You are poisoned.
The adder poisons you! The adder bites you but does no damage.
You barely miss the adder.
You feel sick.
The adder bites you but does no damage. x2
You barely miss the adder.
You feel sick. The adder bites you but does no damage.
You hit the adder.
The adder is lightly wounded.
You feel sick. The adder misses you. The adder bites you.
* * * LOW HITPOINT WARNING * * *
You miss the adder.
* * * LOW HITPOINT WARNING * * *
You feel sick. The adder bites you but does no damage.
The adder closely misses you.
It was a potion of mutation.
You feel extremely strange.
Your toenails lengthen and sharpen.
Iridescent scales grow over part of your body.
* * * LOW HITPOINT WARNING * * *
You feel sick.
You are no longer poisoned.
You block the adder's attack.
Unknown command.
You barely miss the adder. You claw the adder.
The adder is moderately wounded.
The adder bites you but does no damage. x2
You closely miss the adder. Your kick misses the adder.
The adder is moderately wounded.
The adder bites you.
You die...

.###.##.#.##...#.........+ ...
.##............#..#####.##.....
...............#.....†.........
#.......#.##.#.#.######.#......
(...................>##.#...g..
#.......#.##.#..####.##.# .S...
+.......#.##.#.#.## #.# .....
#......##.##.#.##S##.##.# ....
#..............#@........ ....
..#####.#.#..#.#####..###
#o.......$ ..$. #.#....... ...
o.#..##### ## ...#... o..##.{##
.... ... #.... #.##


You could see an adder.

Vanquished Creatures
  An orc priest (D:2)
  An adder (D:2)
  2 dart slugs (D:2)
  2 orcs (D:2)
  A bat (D:1)
  6 endoplasms
  2 giant cockroaches
  4 goblins
  4 hobgoblins
  2 jackals (D:2)
  2 kobolds (D:1)
  3 quokkas (D:1)
  6 ball pythons
  2 frilled lizards
  4 rats
42 creatures vanquished.

Notes
Turn   | Place    | Note
-------+----------+-------------------------------------------
     0 | D:1      | Arum the Formicid Fighter began the quest for the Orb.
     0 | D:1      | Reached XP level 1. HP: 18/18 MP: 1/1
   196 | D:1      | Reached XP level 2. HP: 24/24 MP: 2/2
   535 | D:1      | Reached XP level 3. HP: 12/30 MP: 3/3
  1280 | D:2      | Reached XP level 4. HP: 23/37 MP: 4/4
  1446 | D:2      | Gained mutation: You have sharp toenails. [potion of
                  | mutation]
  1446 | D:2      | Gained mutation: You are partially covered in iridescent
                  | scales. (AC +2) [potion of mutation]
  1446 | D:2      | HP: 1/37 [poisoned by an adder]
  1448 | D:2      | Slain by an adder

Illustrated notes

Levels and vault maps discovered:
D:1:      dpeg_arrival_long_road, layout_basic
D:2:      minmay_evil_eye, layout_basic, uniq_jessica, uniq_terence

Skill      XL: |  1  2  3  4 |
---------------+-------------+-----
Fighting       | 4 |  4.2
Armour         | 4 |  4.2
Maces & Flails | 3 |  3.1
Shields        | |  4.0

Action                   |  1- 3 |  4- 6 || total
-------------------------+-------+-------++-------
Melee: Flail             |   103 |    24 ||   127
       Kick              |       |     1 ||     1
 Abil: Dig               |       |     3 ||     3
  Use: Potion            |       |     1 ||     1
Armor: Scale mail        |    40 |    12 ||    52
Dodge: Dodged            |    39 |     5 ||    44
Block: Buckler           |    23 |     6 ||    29
